 Dungeon Crawl Stone Soup version 0.23.1 (webtiles) character file.

Game seed: 3928073197847324640

212 Freyura the Covert (level 5, -1/38 HPs)
             Began as a Vampire Assassin on Mar 12, 2019.
             Slain by an iron imp (4 damage)
             ... on level 3 of the Dungeon.
             The game lasted 00:11:26 (4102 turns).

Freyura the Covert (Vampire Assassin)               Turns: 4102, Time: 00:11:27

Health: -1/38      AC:  4    Str: 10    XL:     5   Next: 58%
Magic:  5/5        EV: 12    Int: 13    God:
Gold:   114        SH:  0    Dex: 17    Spells: 4/4 levels left

rFire    . . .     SeeInvis +   a - +2 dagger
rCold    + + .     Gourm    .   (no shield)
rNeg     + + +     Faith    .   c - +0 robe
rPois    ∞         Spirit   .   r - +0 helmet
rElec    .         Reflect  .   d - +0 cloak
rCorr    .         Harm     .   (no gloves)
MR       .....                  (no boots)
Stlth    ++++++....             t - amulet of regeneration
HPRegen  0.00/turn              (no ring)
MPRegen  0.09/turn              (no ring)

@: bloodless, non-regenerating
A: fangs 3, see invisible, unbreathing
a: Bat Form


You were on level 3 of the Dungeon.
You were bloodless.

You visited 1 branch of the dungeon, and saw 3 of its levels.

You collected 114 gold pieces.

Inventory:

Hand Weapons
 a - a +2 dagger (weapon)
 b - a +0 blowgun
Missiles
 e - 8 poisoned needles
 f - 5 curare-tipped needles
Armour
 c - a +0 robe (worn)
 d - a +0 cloak (worn)
 r - a +0 helmet (worn)
Jewellery
 t - an amulet of regeneration (around neck)
Scrolls
 l - a scroll of magic mapping {unknown}
 s - 2 scrolls of remove curse
 u - a scroll of immolation {unknown}
Potions
 g - 9 potions of blood
 h - a potion of mutation {unknown}
 i - a potion of resistance {unknown}
 j - 2 potions of heal wounds {unknown}
 k - 2 potions of might {unknown}
 m - 2 potions of ambrosia
 n - 2 potions of lignification
 o - a potion of agility {unknown}
 p - 3 potions of curing
 q - 2 potions of degeneration {unknown}


   Skills:
 - Level 1.7 Fighting
 + Level 4.1 Short Blades
 - Level 1.5 Throwing
 - Level 1.1 Dodging
 * Level 9.3 Stealth


You had 4 spell levels left.
You didn't know any spells.
Your spell library was empty.

Dungeon Overview and Level Annotations

Branches:
Dungeon (3/15)

Altars:
Makhleb


Innate Abilities, Weirdness & Mutations

You do not heal naturally.
You are immune to poison.
You have razor-sharp teeth.
You have supernaturally acute eyesight. (SInv)
You can survive without breathing.


Message History

The iron imp is moderately wounded.
You hit the iron imp but do no damage.
The iron imp is moderately wounded.
The iron imp barely misses you.
You hit the iron imp.
The iron imp is moderately wounded.
The iron imp hits you!
* * * LOW HITPOINT WARNING * * *
You closely miss the iron imp.
The iron imp is moderately wounded.
You hit the iron imp but do no damage. Your bite misses the iron imp.
The iron imp is moderately wounded.
The iron imp hits you.
* * * LOW HITPOINT WARNING * * *
You hit the iron imp but do no damage.
The iron imp is moderately wounded.
You hit the iron imp but do no damage.
The iron imp is moderately wounded.
The iron imp hits you.
You die...

#..§§≈≈......#
#.....≈≈.....#
#.....≈≈.....#
#.._...8≈....#
#.....≈≈.....#####
#.....≈§.....#....
#55..≈≈..§...#....
#5≈≈≈≈............
#@≈≈≈.............
#..............###
###
################ #
#.###### ###.# #
#......## #...# ##
########..# ##.###
#. ...## ##.# #..#
#. ....##
#.############.##
#. .....#
#......#.......#
##


You could see 3 iron imps.

Vanquished Creatures
  Crazy Yiuf (D:2)
  A hound (D:2)
  An orc wizard (D:3)
  Robin (D:1)
  5 adders
  2 dart slugs (D:1)
  2 leopard geckos
  3 orcs (D:3)
  2 ball pythons (D:3)
  9 bats
  3 giant cockroaches
  13 goblins
  8 hobgoblins
  3 jackals (D:3)
  A kobold (D:2)
  A frilled lizard (D:2)
  5 rats
61 creatures vanquished.

Notes
Turn   | Place    | Note
-------+----------+-------------------------------------------
     0 | D:1      | Freyura the Vampire Assassin began the quest for the Orb.
     0 | D:1      | Reached XP level 1. HP: 16/16 MP: 1/1
   155 | D:1      | Reached skill level 6 in Stealth
   358 | D:1      | Reached XP level 2. HP: 22/22 MP: 2/2
   818 | D:2      | Noticed Robin
   847 | D:1      | Killed Robin
   847 | D:1      | Reached skill level 7 in Stealth
   847 | D:1      | Reached XP level 3. HP: 3/27 MP: 3/3
  1377 | D:2      | Reached XP level 4. HP: 20/33 MP: 4/4
  1687 | D:2      | Reached skill level 8 in Stealth
  2203 | D:2      | Found a runed translucent door.
  2204 | D:2      | Noticed Crazy Yiuf
  2511 | D:2      | Killed Crazy Yiuf
  3152 | D:3      | Reached XP level 5. HP: 38/38 MP: 5/5
  3235 | D:3      | Reached skill level 9 in Stealth
  4060 | D:3      | Found a burning altar of Makhleb.
  4102 | D:3      | Slain by an iron imp

Skill      XL: |  1  2  3  4  5 |
---------------+----------------+-----
Stealth        | 6 7 8 9 |  9.3
Short Blades   | 3 4 |  4.1
Fighting       | |  1.7
Throwing       | |  1.5
Dodging        | |  1.1

Action                   |  1- 3 |  4- 6 || total
-------------------------+-------+-------++-------
Melee: Dagger            |   116 |   141 ||   257
       Bite              |     5 |    10 ||    15
       Blowgun           |       |     1 ||     1
 Fire: Blowgun           |       |     1 ||     1
  Use: Scroll            |       |     5 ||     5
       Potion            |       |     4 ||     4
 Stab: Sleeping          |     7 |    11 ||    18
       Distracted        |     1 |     1 ||     2
Armor: Robe              |    25 |    19 ||    44
Dodge: Dodged            |    51 |    60 ||   111
